 Dungeon Crawl Stone Soup version 0.27-a0-686-gaed091b46b (webtiles) character file.

Game seed: 986342058787817748

82 Anon1729 the Sneak (level 4, 0/26 HPs)
             Began as a Kobold Brigand on Mar 20, 2021.
             Slain by a worm (10 damage)
             ... on level 3 of the Dungeon.
             The game lasted 00:01:40 (2522 turns).

Anon1729 the Sneak (Kobold Brigand)                 Turns: 2522, Time: 00:01:40

Health: 0/26       AC:  3    Str:  8    XL:     4   Next: 70%
Magic:  4/4        EV: 15    Int: 12    God:
Gold:   100        SH:  0    Dex: 17    Spells: 3/3 levels left

rFire    . . .     SeeInvis .   a - +2 dagger
rCold    . . .     Faith    .   (shield restricted)
rNeg     . . .     Spirit   .   b - +0 robe
rPois    .         Reflect  .   (no helmet)
rElec    .         Harm     .   c - +0 cloak
rCorr    .         Rampage  .   (no gloves)
Will     .....                  (no boots)
Stlth    ++++......             (no amulet)
HPRegen  0.08/turn              (no ring)
MPRegen  0.09/turn              (no ring)

@: no status effects
A: small, no large weapons, nightstalker 3
a: no special abilities


You were on level 3 of the Dungeon.
You visited 1 branch of the dungeon, and saw 3 of its levels.

You collected 100 gold pieces.

Inventory:

Hand Weapons
 a - a +2 dagger (weapon)
Missiles
 d - 3 poisoned darts (quivered)
 e - 2 curare-tipped darts
Armour
 b - a +0 robe (worn)
 c - a +0 cloak (worn)
Scrolls
 i - a scroll of enchant weapon {unknown}
 k - a scroll of identify {unknown}
 l - a scroll of magic mapping {unknown}
 n - a scroll of teleportation {unknown}
 o - a scroll of fear {unknown}
Potions
 f - a potion of might {unknown}
 g - 3 potions of lignification {unknown}
 h - a potion of flight {unknown}
 j - 2 potions of heal wounds {unknown}
 m - a potion of curing {unknown}


   Skills:
 - Level 2.1 Fighting
 + Level 3.5 Short Blades
 + Level 3.0 Throwing
 + Level 2.3 Dodging
 * Level 6.5 Stealth


You had 3 spell levels left.
You didn't know any spells.
Your spell library was empty.

Dungeon Overview and Level Annotations

Branches:
Dungeon (3/15)

Altars:


Innate Abilities, Weirdness & Mutations

You are small and have problems with some larger weapons.
You are completely attuned to the shadows.


Message History

The worm bites you.
You hit the worm.
The worm is moderately wounded.
You hit the worm.
The worm is moderately wounded.
The worm bites you.
You hit the worm.
The worm is heavily wounded.
You hit the worm.
The worm is severely wounded.
The worm bites you!
You are too injured to fight recklessly!
You are too injured to fight recklessly!
You are too injured to fight recklessly!
You are too injured to fight recklessly!
You hit the worm but do no damage.
The worm is severely wounded.
Throw: 6 darts (poison)
Press: ? - help, Q - select action, (/) - cycle Shift-Dir - straight line, f - worm
Aim: a worm (severely wounded, 79% to hit)
You throw a poisoned dart. The poisoned dart hits the worm!
The worm is poisoned.
The worm is severely wounded.
The worm barely misses you.
Throw: 5 darts (poison)
Press: ? - help, Q - select action, (/) - cycle Shift-Dir - straight line, f/p - worm
Aim: a worm (severely wounded, very poisoned, 79% to hit)
You throw a poisoned dart.
The poisoned dart barely misses the worm.
Throw: 4 darts (poison)
Press: ? - help, Q - select action, (/) - cycle Shift-Dir - straight line, f/p - worm
Aim: a worm (severely wounded, poisoned, 79% to hit)
You throw a poisoned dart. The poisoned dart hits the worm!
The worm looks even sicker.
The worm is severely wounded.
Unknown command.
You barely miss the worm.
The worm is almost dead.
The worm bites you!
You die...

..###
#.##.# #.#
.##
#.##.###.#
##
#........#
#
####.#####
# #.# #
####.#####
.........#
.###.###.#
#.# #@#
.#.# #w#
...# #(#
.#.###.#
....(.(#
##..####
#.. #...
....


You could see a worm (very poisoned).

Vanquished Creatures
  Jessica (D:2)
  2 adders (D:2)
  A worm (D:2)
  A leopard gecko (D:2)
  An orc (D:3)
  10 bats
  A giant cockroach (D:2)
  4 goblins
  4 hobgoblins
  4 kobolds
  5 rats
34 creatures vanquished.

Notes
Turn   | Place    | Note
-------+----------+-------------------------------------------
     0 | D:1      | Anon1729 the Kobold Brigand began the quest for the Orb.
     0 | D:1      | Reached XP level 1. HP: 12/12 MP: 1/1
   322 | D:1      | Reached XP level 2. HP: 17/17 MP: 2/2
  1138 | D:2      | Reached XP level 3. HP: 9/21 MP: 3/3
  1507 | D:2      | Reached skill level 6 in Stealth
  1886 | D:2      | Noticed Jessica
  1890 | D:2      | Killed Jessica
  1891 | D:2      | Reached XP level 4. HP: 26/26 MP: 4/4
  2522 | D:3      | Slain by a worm

Illustrated notes

Levels and vault maps discovered:
D:1:      dpeg_arrival_arbitrary_a, layout_basic, serial_glass, glass_columns_b,
          glass_columns_b
D:2:      kennysheep_big_flooded_room, layout_basic,
          amcnicky_mini_corridor_feature, uniq_jessica
D:3:      layout_loops_corners, ebering_ghost_inner_flame,
          chequers_serial_rivers_micro_d

Skill      XL: |  1  2  3  4 |
---------------+-------------+-----
Short Blades   | 3 |  3.5
Stealth        | 6 |  6.5
Dodging        | 2 |  2.3
Throwing       | 3 |  3.0
Fighting       | |  2.1

Action                   |  1- 3 |  4- 6 || total
-------------------------+-------+-------++-------
Melee: Dagger            |    60 |    26 ||    86
Throw: Dart              |     8 |    10 ||    18
 Stab: Sleeping          |    13 |     3 ||    16
Armor: Robe              |    13 |     5 ||    18
Dodge: Dodged            |    58 |    14 ||    72

Table legend: (Time is in decaauts)
 A = Elapsed time spent in this place.
 B = Non-inter-level travel time spent in this place.
 C = Inter-level travel time spent in this place.
 D = Time resting spent in this place.
 E = Time spent auto-exploring this place.
 F = Levels seen in this place.
 G = Mean time per level.
                   A        B        C        D        E       F      G
               +--------+--------+--------+--------+--------+-----+--------+
         Total |   2505 |   2466 |     39 |    254 |   1973 |   3 |  835.0 |
       Dungeon |   2505 |   2466 |     39 |    254 |   1973 |   3 |  835.0 |
               +--------+--------+--------+--------+--------+-----+--------+

Top non-repeatable levels by time:
     D:2: 1356 daAuts
     D:1: 1060 daAuts
     D:3: 88 daAuts
